 Dungeon Crawl Stone Soup version 0.18-a0-1078-gebb93d0 (webtiles) character file.

604 nuthulu the Skirmisher (level 7, -4/48 HPs)
             Began as a Gargoyle Fighter on Jan 14, 2016.
             Slain by an ogre
             ... wielding a +0 giant club
              (20 damage)
             ... on level 4 of the Dungeon.
             The game lasted 00:08:54 (4111 turns).

nuthulu the Skirmisher (Gargoyle Fighter)           Turns: 4111, Time: 00:08:54

Health: -4/48      AC: 18    Str: 19    XL:     7   Next: 42%
Magic:  7/7        EV:  3    Int:  9    God:
Gold:   92         SH: 12    Dex: 11    Spells: 0 memorised, 6 levels left

rFire  . . .     SeeInvis .     a - +1 flail
rCold  . . .     Gourm    .     u - +0 plate armour
rNeg   + . .     Faith    .     c - +1 shield
rPois  ∞         Spirit   .     (no helmet)
rElec  +         Dismiss  .     (no cloak)
rCorr  .         Reflect  +     n - +1 pair of gloves
SustAt .         Harm     .     (no boots)
MR     .....                    i - +2 amulet of reflection
Stlth  ..........               (no ring)
                                (no ring)

@: not resistant to hostile enchantments, extremely unstealthy
A: negative energy resistance 1, electricity resistance, unbreathing,
petrification resistance, rot immunity, AC +4
a: no special abilities


You were on level 4 of the Dungeon.
You were not hungry.

You visited 1 branch of the dungeon, and saw 4 of its levels.
You also visited: Sewer.

You collected 92 gold pieces.

Inventory:

Hand Weapons
 a - a +1 flail (weapon)
Armour
 b - a +0 scale mail
 c - a +1 shield (worn)
 n - a +1 pair of gloves (worn)
 u - a +0 plate armour (worn)
Jewellery
 i - a +2 amulet of reflection (around neck)
Wands
 s - a wand of random effects (16/48)
 v - a wand of flame (30/48)
Scrolls
 g - 3 scrolls of remove curse
 h - a scroll of identify
 o - 3 scrolls of recharging
 p - a scroll of magic mapping
Potions
 d - a potion of might
 e - a potion of lignification
 k - 2 potions of cancellation
 l - 2 potions of curing
 m - a potion of agility {unknown}
 q - a potion of invisibility {unknown}
Comestibles
 f - 5 bread rations
 j - 2 beef jerkies
 r - 4 fruits
 t - a meat ration
 w - a chunk of flesh


   Skills:
 + Level 7.0 Fighting
 + Level 5.6 Maces & Flails
 - Level 3.2 Armour
 - Level 3.2 Shields


You had 6 spell levels left.
You didn't know any spells.

Dungeon Overview and Level Annotations

Branches:
Dungeon (4/15)
 Temple: D:4-7

Altars:
Ashenzari
Sif Muna
Vehumet

Shops:
D:4 (


Innate Abilities, Weirdness & Mutations

You are resistant to torment.
Your stone body is resilient (AC +4).
You are immune to poison.
You resist negative energy.
You are resistant to electric shocks.
You can survive without breathing.
You are immune to petrification.
You are immune to rotting.


Message History

An ogre comes into view. It is wielding a giant club.
The ogre shouts!
A giant newt comes into view.
You sock the ogre!
The ogre is moderately wounded.
The ogre hits you with a giant club!
You hit the ogre.
The ogre is moderately wounded.
The ogre hits you with a giant club.
You hit the ogre but do no damage.
The ogre is moderately wounded.
The ogre hits you with a giant club! The ogre hits you with a giant club!
* * * LOW HITPOINT WARNING * * *
Drink which item? (? for menu, Esc to quit)
You feel better. You block the ogre's attack.
You hit the ogre but do no damage.
The ogre is moderately wounded.
The ogre hits you with a giant club!!
You die...

#..........###
###.####.####. .........##
#. ########..# #. #..###.
#####...... #..........
...#############...#......
#.....lO@................
#.##########..#.#._.#....
#..#........##
#......#.....#
###.##.........#
#...............
#########.#.#.#. #.#.....
#######.###.##


You could see an ogre and a giant newt.

Vanquished Creatures
  Eustachio (D:4)
  The ghost of nuthulu the Skirmisher, an amateur GrFi of Okawaru (D:4)
  A crocodile (Sewer)
  A scorpion (D:3)
  Ijyb (D:3)
  3 gnolls (D:2)
  5 adders
  2 oozes
  3 worms
  2 giant geckos
  6 orcs
  4 giant cockroaches
  10 goblins
  9 hobgoblins
  13 jackals
  A quokka (D:3)
  16 bats
  2 giant newts
  12 kobolds
  10 rats
  A plant (D:2)
104 creatures vanquished.

Vanquished Creatures (others)
  A goblin (D:2)
1 creature vanquished.

Grand Total: 105 creatures vanquished

Notes
Turn   | Place    | Note
--------------------------------------------------------------
     0 | D:1      | nuthulu the Gargoyle Fighter began the quest for the Orb.
     0 | D:1      | Reached XP level 1. HP: 14/14 MP: 1/1
   310 | D:1      | Reached XP level 2. HP: 16/19 MP: 2/2
   602 | D:1      | Reached XP level 3. HP: 19/24 MP: 3/3
   727 | D:1      | Reached skill level 4 in Fighting
   971 | D:1      | You fall through a shaft!
  1507 | D:2      | Reached XP level 4. HP: 27/30 MP: 4/4
  1813 | D:2      | Found a deep blue altar of Sif Muna.
  1871 | D:2      | Reached skill level 5 in Fighting
  2035 | D:2      | Reached XP level 5. HP: 31/35 MP: 5/5
  2493 | D:3      | Found a glowing drain.
  2500 | Sewer    | Entered a sewer
  2564 | Sewer    | Noticed a crocodile
  2571 | Sewer    | Killed a crocodile
  2692 | D:3      | Reached XP level 6. HP: 31/41 MP: 6/6
  2811 | D:3      | Found a shattered altar of Ashenzari.
  2990 | D:3      | Noticed Ijyb
  2994 | D:3      | Killed Ijyb
  3064 | D:3      | Reached skill level 6 in Fighting
  3622 | D:4      | Found Afofoarr's Weapon Shop.
  3676 | D:4      | Found a radiant altar of Vehumet.
  3718 | D:4      | Noticed nuthulu's ghost (amateur GrFi)
  3751 | D:4      | Killed nuthulu's ghost
  3751 | D:4      | Reached skill level 5 in Maces & Flails
  3751 | D:4      | Reached XP level 7. HP: 42/47 MP: 7/7
  3959 | D:4      | Noticed Eustachio
  4056 | D:4      | Killed Eustachio
  4056 | D:4      | Reached skill level 7 in Fighting
  4111 | D:4      | Slain by an ogre

Vault maps used:
D:1:      tarquinn_simple_flora_water_b
D:2:      led_sif_pool, serial_forest, infiniplex_forest_lined_2,
          infiniplex_forest_lined_3_way, infiniplex_forest_lined_2,
          infiniplex_forest_zigzag_2, infiniplex_forest_lined_corner,
          infiniplex_forest_join, infiniplex_forest_end_double
D:3:      lemuel_doored_altar, lightli_sewer_entry_pipes,
          minmay_misc_feat_tower, glass_columns_a,
          hangedman_abyss_or_decor_stabs, uniq_iyjb
D:4:      vehumet_altar_wand_db, lemuel_temple_firewalk_marked, first_bread,
          serial_shops, nicolae_shop_behind_doors, uniq_eustachio
Sewer:    sewer_the_crocodile

Action                   |  1- 3 |  4- 6 |  7- 9 || total
-------------------------+-------+-------+-------++-------
Melee: Flail             |   172 |   199 |    87 ||   458
  Use: Scroll            |     7 |     5 |       ||    12
       Potion            |       |     3 |     1 ||     4
  Eat: Chunk             |     2 |     8 |     1 ||    11
